 Dungeon Crawl Stone Soup version 0.29-a0-214-g17f627cfee (webtiles) character file.

Game seed: 11317376858901107993

470 mcwallace the Bolt Thrower (level 7, -17/41 HPs)
             Began as a Kobold Arcane Marksman on Feb 24, 2022.
             Demolished by a mummy (18 damage)
             ... in an ossuary.
             The game lasted 00:07:57 (5469 turns).

mcwallace the Bolt Thrower (Kobold Arcane Marksman) Turns: 5469, Time: 00:07:58

Health: -17/41     AC:  2    Str:  7    XL:     7   Next: 31%
Magic:  11/11      EV: 16    Int: 15    God:
Gold:   129        SH:  0    Dex: 17    Spells: 11/12 levels left

rFire   . . .      SeeInvis .   a - +0 hand crossbow {crossbow}
rCold   . . .      Faith    .   (no shield)
rNeg    . . .      Spirit   .   b - +0 robe
rPois   .          Reflect  .   (no helmet)
rElec   .          Harm     .   (no cloak)
rCorr   .          Rampage  .   (no gloves)
Will    .....                   (no boots)
Stlth   +.........              (no amulet)
HPRegen 0.13/turn               (no ring)
MPRegen 0.12/turn               (no ring)

@: very slow
A: small, no large weapons, nightstalker 3
a: no special abilities


You were in an ossuary.
You visited 1 branch of the dungeon, and saw 5 of its levels.
You also visited: Ossuary.

You collected 129 gold pieces.


Innate Abilities, Weirdness & Mutations

You are small and have problems with some larger weapons.
You are completely attuned to the shadows.


   Skills:
 + Level 3.5 Fighting
 + Level 4.9 Crossbows
 + Level 4.4 Dodging
 + Level 3.3 Spellcasting
 + Level 4.3 Hexes


You had 11 spell levels left.
You knew the following spells:

 Your Spells              Type           Power      Damage    Failure   Level
a - Slow                  Hex            60%        N/A       3%          1

Your spell library contained the following spells:

 Spells                   Type           Power      Damage    Failure   Level
 Inner Flame              Hex/Fire       9%         N/A       24%         3
 Portal Projectile        Hex/Tloc       18%        N/A       24%         3
 Cause Fear               Hex            7%         N/A       32%         4
 Gell's Gravitas          Tloc           2%         N/A       52%         3
 Lesser Beckoning         Tloc           2%         N/A       52%         3
 Teleport Other           Tloc           2%         N/A       52%         3

Inventory:

Hand Weapons
 a - a +0 hand crossbow (weapon) {crossbow}
 e - a +0 dagger of protection {short}
   (You took it off a goblin on level 1 of the Dungeon)
 l - a +1 dagger of venom {short}
   (You took it off a kobold on level 2 of the Dungeon)
 s - a +2 dagger of distortion {!wshort}
   (You took it off Jessica on level 2 of the Dungeon)
 z - a +4 dagger {short}
   (You took it off a goblin on level 3 of the Dungeon)
Missiles
 k - 62 stones {throwing}
Armour
 b - a +0 robe (worn)
 c - a +0 robe
   (You found it on level 5 of the Dungeon)
 i - a +0 leather armour
   (You found it on level 1 of the Dungeon)
 j - a +0 chain mail
   (You found it on level 1 of the Dungeon)
 r - a +0 robe
   (You found it on level 2 of the Dungeon)
 t - a +0 robe
   (You took it off Jessica on level 2 of the Dungeon)
 v - a +0 robe
   (You found it on level 3 of the Dungeon)
 w - a +0 ring mail
   (You found it on level 3 of the Dungeon)
 y - the +3 leather armour of the Desert {Regen+ Int+3 Dex-3 Stlth+}
   (You found it on level 3 of the Dungeon)

   Int:       It affects your intelligence (+3).
   Dex:       It affects your dexterity (-3).
   Regen:     It increases your rate of health regeneration.
   Stlth:     It makes you more stealthy.
 A - a +0 scale mail
   (You took it off an orc on level 3 of the Dungeon)
 B - a +0 scale mail
   (You took it off an orc on level 3 of the Dungeon)
 C - a +0 chain mail
   (You took it off an orc on level 4 of the Dungeon)
 D - a +0 robe
   (You found it on level 4 of the Dungeon)
Magical Staves
 u - a staff of cold {!astaff}
   (You found it on level 3 of the Dungeon)
Wands
 o - a wand of iceblast (5)
   (You found it on level 2 of the Dungeon)
 x - a wand of flame (24)
   (You found it on level 3 of the Dungeon)
Scrolls
 f - a scroll of vulnerability {!r!r}
 n - a scroll of silence {!r}
 p - a scroll of fear
 E - a scroll of enchant weapon
Potions
 d - a potion of ambrosia
 g - a potion of attraction {!q}
 h - 2 potions of might
 m - a potion of curing {@q1}
 q - a potion of degeneration {!q@e2}

Dungeon Overview and Level Annotations

Branches:
Dungeon (5/15)            Ossuary (1/1)
 Temple: D:4-7

Altars:
Fedhas
Kikubaaqudgha

# ######
≈≈# ≈≈≈≈#≈
#≈≈##≈≈#M#
##≈≈M.M.≈.
≈≈##MZ#.≈.
#≈.MM≈..≈
##MZZ####
##ZZM#...
#≈#Z@MZ..
#≈≈.≈≈#...
≈####≈####
#.≈≈+
###.#####
+≈#..∩#
#.'.∩.#
+≈#...#
#≈#####


You could see 3 mummies, 3 bog mummies, a water moccasin zombie, 2 bullfrog
zombies, a wyvern zombie, a killer bee zombie and 2 hornet zombies.


Message History

You feel yourself speed up.
Shoot: a) +0 hand crossbow {crossbow}
Press: ? - help, Q - select action, (/) - cycle Shift-Dir - straight line, f/p - bog mummy
Aim: a bog mummy (lightly damaged, 77% to hit)
You shoot a bolt.
The bolt hits the bog mummy but does no damage.
You enter the shallow water.
Moving in this stuff is going to be slow.
A bog mummy comes into view.
A bog mummy comes into view.
A wyvern zombie comes into view.
A mummy opens the door.
The bog mummy gestures at you while chanting.
You resist with some effort.
A water moccasin zombie comes into view.
The bog mummy points at you and mumbles some strange words.
You feel yourself slow down.
The wyvern zombie moves out of view.
A bullfrog zombie and 2 hornet zombies come into view. 😕 HP[+1]
A mummy, a bullfrog zombie and a killer bee zombie come into view.
The bullfrog zombie misses you.
Really attack while wielding your +0 hand crossbow {crossbow}? [Y]es or [N]o only, please.
Really attack while wielding your +0 hand crossbow {crossbow}?
Okay, then. 2 bog mummies come into view.
The wyvern zombie bites the withered plant.
The withered plant begins to crumble.
The bog mummy hits you. 😮 HP[-6]
You take 6 damage, and now have 30/41 hp.
You enter the shallow water.
Moving in this stuff is going to be slow.
The bog mummy misses you.
The withered plant crumbles away.
The killer bee zombie barely misses you.
A mummy comes into view. 😕 HP[+1]
A bog mummy comes into view.
The killer bee zombie completely misses you.
The bog mummy gestures at you while chanting.
You resist with some effort. The bog mummy casts a spell at you.
The puff of frost misses you.
The killer bee zombie hits you. 😮 HP[-4]
You take 4 damage, and now have 27/41 hp.
You enter the shallow water.
Moving in this stuff is going to be slow.
The killer bee zombie barely misses you.
The killer bee zombie misses you. The killer bee zombie hits you!
* * * LOW HITPOINT WARNING * * *
The killer bee zombie barely misses you.
The bog mummy casts a spell at you. The puff of frost misses you. 😨 HP[-7]
You take 7 damage, and now have 20/41 hp.
Why would you want to do that? Why would you want to do that?
Why would you want to do that? Why would you want to do that?
Unknown command.
Why would you want to do that? Why would you want to do that?
Aiming: Iceblast
Press: ? - help, Q - select action, (/) - cycle Shift-Dir - straight line, p - bog mummy The mass of ice explodes!
The iceblast engulfs the bog mummy.
The bog mummy partially resists.
The iceblast engulfs the mummy.
The mummy partially resists.
The iceblast engulfs the bog mummy!
The bog mummy partially resists.
You feel yourself speed up.
The killer bee zombie closely misses you.
The killer bee zombie misses you. The bog mummy hits you.
* * * LOW HITPOINT WARNING * * *
The bog mummy misses you. 😨 HP[-2]
You take 2 damage, and now have 18/41 hp.
Blink to where?
Press: ? - help, Q - select action, (/) - cycle Dir - move target
As you read the scroll of blinking {!r}, it crumbles to dust.
The hornet zombie hits you.
* * * LOW HITPOINT WARNING * * *
Aiming: Throw Flame
Press: ? - help, Q - select action, (/) - cycle Shift-Dir - straight line, f - bog mummy
Aim: a bog mummy (moderately damaged, 85% to hit)
The puff of flame hits the bog mummy.
The bog mummy is burned terribly!
The hornet zombie closely misses you. x2
The bullfrog zombie barely misses you.
Aiming: Iceblast
Press: ? - help, Q - select action, (/) - cycle Shift-Dir - straight line, f - bog mummy, p - bog mummy
Aim: a bog mummy (steam, moderately damaged)
Okay, then.
You enter the shallow water.
Moving in this stuff is going to be slow.
The bullfrog zombie barely misses you. The wyvern zombie bites you.
* * * LOW HITPOINT WARNING * * *
The hornet zombie hits you!
* * * LOW HITPOINT WARNING * * *
The bog mummy is engulfed in a cloud of scalding steam.
The wyvern zombie closely misses you. The mummy hits you!!
You die...

Skill      XL: |  1  2  3  4  5  6 |
---------------+-------------------+-----
Crossbows      | 3 4 |  4.9
Dodging        | 3 4 |  4.4
Fighting       | 2 3 |  3.5
Spellcasting   | 2 3 |  3.3
Hexes          | 4 |  4.3

Action                   |  1- 3 |  4- 6 |  7- 9 || total
-------------------------+-------+-------+-------++-------
 Fire: Hand crossbow     |   103 |   117 |    27 ||   247
 Cast: Slow              |     2 |       |       ||     2
Evoke: Wand              |       |     1 |     4 ||     5
  Use: Scroll            |       |     9 |     2 ||    11
Armor: Robe              |     7 |    10 |     2 ||    19
Dodge: Dodged            |    41 |    52 |    37 ||   130

Levels and vault maps discovered:
D:1:      dpeg_arrival_concentric_ovals, layout_loops_ring,
          shapermc_ecumenical_altar_petra
D:2:      layout_loops_ring, amcnicky_mini_corridor_feature,
          chequers_serial_rivers_micro_b, cheibrodos_gnoll_hut, uniq_jessica
D:3:      layout_basic, chequers_serial_rivers_small_b, chequers_big_river
D:4:      layout_rooms, fedhas_altar_3, lemuel_coloured_pillars_altar,
          chequers_serial_rivers_micro_d, minmay_statues_item, grunt_tough_drop
D:5:      layout_rooms, mainiacjoe_overflow_six_doors_small, enter_ossuary_4,
          hangedman_glass_teeth, minmay_misc_feat_tiny,
          kennysheep_generic_room_4, uniq_menkaure
Ossuary:  ossuary_zaba_flooded

Notes
Turn   | Place    | Note
-------+----------+-------------------------------------------
     0 | D:1      | mcwallace the Kobold Arcane Marksman began the quest for
                  | the Orb.
     0 | D:1      | Reached XP level 1. HP: 12/12 MP: 2/2
     0 | D:1      | magus.rc [v1.9.6]
   321 | D:1      | Reached XP level 2. HP: 16/16 MP: 3/3
   480 | D:1      | Reached skill level 3 in Crossbows
   581 | D:1      | You fall into a shaft and drop 1 floor!
   881 | D:1      | Reached XP level 3. HP: 20/20 MP: 5/5
   916 | D:1      | Found a faded altar of an unknown god.
  1547 | D:2      | Reached skill level 3 in Dodging
  1547 | D:2      | Reached XP level 4. HP: 23/26 MP: 6/6
  1817 | D:2      | Noticed Jessica
  1819 | D:2      | Killed Jessica
  1820 | D:2      | Reached skill level 2 in Fighting
  1820 | D:2      | Reached skill level 2 in Spellcasting
  2601 | D:3      | Identified the +3 leather armour of the Desert {Regen+
                  | Int+3 Dex-3 Stlth+}
  2854 | D:3      | Reached XP level 5. HP: 30/30 MP: 8/8
  3548 | D:4      | You pick up a book of Displacement and begin reading...
  3548 | D:4      | You add the spells Lesser Beckoning, Gell's Gravitas and
                  | Teleport Other to your library.
  3555 | D:4      | Reached skill level 4 in Crossbows
  3832 | D:4      | Found a blossoming altar of Fedhas.
  3921 | D:4      | Reached XP level 6. HP: 14/36 MP: 9/9
  4215 | D:4      | Found an ancient bone altar of Kikubaaqudgha.
  4281 | D:4      | Noticed an ogre
  4301 | D:4      | Reached skill level 3 in Fighting
  4301 | D:4      | Reached skill level 4 in Hexes
  4878 | D:5      | Entered Level 5 of the Dungeon
  4892 | D:5      | Reached skill level 4 in Dodging
  4965 | D:5      | Reached skill level 3 in Spellcasting
  4965 | D:5      | Reached XP level 7. HP: 16/41 MP: 11/11
  5423 | D:5      | Found a sand-covered staircase.
  5429 | Ossuary  | Entered an ossuary
  5469 | Ossuary  | HP: 1/41 [hornet zombie (11)]
  5469 | Ossuary  | Demolished by a mummy

Vanquished Creatures
  A phantom (D:4)
  A water moccasin skeleton (D:5)
  A howler monkey (D:5)
  A centaur zombie (D:5)
  An orc priest (D:3)
  A centaur skeleton (D:3)
  Jessica (D:2)
  A mummy (Ossuary)
  An iguana (D:4)
  5 adders (D:5)
  A gnoll (D:2)
  A shadow imp (D:3)
  2 dart slugs
  9 orcs
  4 endoplasms
  A giant cockroach (D:3)
  6 hobgoblins
  6 jackals
  A quokka (D:1)
  2 ball pythons
  3 bats
  6 frilled lizards
  9 goblins
  4 kobolds
  5 rats
74 creatures vanquished.

Vanquished Creatures (others)
  6 fungi (D:4)
  5 plants
  2 withered plants (Ossuary)
13 creatures vanquished.

Grand Total: 87 creatures vanquished

Table legend:
 A = Non-vault XP
 B = Vault XP
 C = Vault XP percentage of total XP
 D = Non-vault monster count
 E = Vault monster count
 F = Vault count percentage of total count
                 A         B        C        D         E       F
            +---------+---------+-------+---------+---------+-------
      Total |     402 |     270 |  40.2 |      66 |       8 |  10.8
            +---------+---------+-------+---------+---------+-------
        D:1 |      31 |       0 |   0.0 |      19 |       0 |   0.0
        D:2 |      27 |      55 |  67.1 |      17 |       4 |  19.0
        D:3 |     119 |       0 |   0.0 |      14 |       0 |   0.0
        D:4 |      54 |     111 |  67.3 |       8 |       2 |  20.0
        D:5 |     171 |      67 |  28.2 |       8 |       1 |  11.1
    Ossuary |       0 |      37 | 100.0 |       0 |       1 | 100.0
            +---------+---------+-------+---------+---------+-------

Illustrated notes

Table legend:
 A = Kills in this place as a percentage of kills in entire the game.
 B = Kills by you in this place as a percentage of kills by you in the entire game.
 C = Kills by friends in this place as a percentage of kills by friends in the entire game.
 D = Other kills in this place as a percentage of other kills in the entire game.
 E = Experience gained in this place as a percentage of experience gained in the entire game.
 F = Experience gained in this place divided by the number of levels of this place that you have seen.
                   A       B       C       D       E      F
               +-------+-------+-------+-------+-------+----------------------
         Total | 100.0 | 100.0 |   N/A |   N/A | 100.0 | 112.0
       Dungeon |  98.6 |  98.6 |   N/A |   N/A |  94.5 | 127.0
       Ossuary |   1.4 |   1.4 |   N/A |   N/A |   5.5 |  37.0
               +-------+-------+-------+-------+-------+----------------------

Table legend: (Time is in decaauts)
 A = Elapsed time spent in this place.
 B = Non-inter-level travel time spent in this place.
 C = Inter-level travel time spent in this place.
 D = Time resting spent in this place.
 E = Time spent auto-exploring this place.
 F = Levels seen in this place.
 G = Mean time per level.
                   A        B        C        D        E       F      G
               +--------+--------+--------+--------+--------+-----+--------+
         Total |   5572 |   5407 |    165 |     37 |   4722 |   6 |  928.7 |
       Dungeon |   5512 |   5347 |    165 |     37 |   4722 |   5 | 1102.4 |
       Ossuary |     60 |     60 |      0 |      0 |      0 |   1 |   60.0 |
               +--------+--------+--------+--------+--------+-----+--------+

Top non-repeatable levels by time:
     D:3: 1442 daAuts
     D:4: 1393 daAuts
     D:1: 1091 daAuts
     D:2: 1024 daAuts
     D:5: 561 daAuts
 Ossuary: 60 daAuts
